 Dungeon Crawl Stone Soup version 0.21.1-1-g345015f (webtiles) character file.

333 wilfster70 the Changer (level 6, -1/54 HPs)
             Began as a Troll Transmuter on Mar 13, 2018.
             Was a Believer of Ru.
             Slain by an orc warrior
             ... wielding a +0 glaive
              (23 damage)
             ... on level 6 of the Dungeon.
             The game lasted 00:22:31 (5228 turns).

wilfster70 the Changer (Troll Transmuter)           Turns: 5228, Time: 00:22:33

Health: -1/54      AC:  7    Str: 19    XL:     6   Next: 27%
Magic:  10/10      EV: 10    Int: 11    God:    Ru [**....]
Gold:   282        SH:  0    Dex: 10    Spells: 5/12 levels left

rFire    . . .     SeeInvis .     - Unarmed
rCold    . . .     Gourm    +   (no shield)
rNeg     . . .     Faith    .   b - +2 robe
rPois    .         Spirit   .   (helmet restricted)
rElec    .         Reflect  .   (no cloak)
rCorr    .         Harm     .   (gloves unavailable)
MR       .....                  (boots unavailable)
Stlth    +.........             (no amulet)
HPRegen  0.58/turn              (no ring)
MPRegen  0.12/turn              (no ring)

@: no status effects
A: large, unfitting armour, claws 3, fast metabolism 3, gourmand, regeneration
1, shaggy fur 1, tough skin 2, inexperienced 1
a: Renounce Religion


You were on level 6 of the Dungeon.
You worshipped Ru.
Ru was pleased with you.
You were full.

You visited 2 branches of the dungeon, and saw 7 of its levels.

You collected 282 gold pieces.

Inventory:

Missiles
 a - 65 arrows
 m - 162 stones (quivered)
Armour
 b - a +2 robe (worn)
Jewellery
 k - a +5 ring of strength {unknown}
 o - an uncursed amulet of faith
Wands
 q - a wand of paralysis (16)
 u - a wand of polymorph (16)
Scrolls
 g - 3 scrolls of remove curse
 h - a scroll of enchant armour
 j - 5 scrolls of teleportation
 l - 4 scrolls of immolation
 t - 2 scrolls of fear {unknown}
Potions
 e - 3 potions of curing
 f - a potion of heal wounds {unknown}
 n - a potion of berserk rage
 p - 2 potions of magic
 r - a potion of invisibility {unknown}
 s - a potion of mutation {unknown}
 w - a potion of lignification {unknown}
Books
 c - a book of Changes

   Spells                             Type                      Level
   a - Beastly Appendage              Transmutation                1
   b - Sticks to Snakes               Transmutation                2
   c - Spider Form                    Transmutation/Poison         3
   d - Ice Form                       Ice/Transmutation            4
   e - Blade Hands                    Transmutation                5
 i - a book of Battle

   Spells                             Type                      Level
   a - Infusion                       Charms                       1
   b - Shroud of Golubria             Charms/Translocation         2
   c - Song of Slaying                Charms                       2
   d - Spectral Weapon                Hexes/Charms                 3
   e - Regeneration                   Charms/Necromancy            3
 x - a book of Minor Magic

   Spells                             Type                      Level
   a - Magic Dart                     Conjuration                  1
   b - Blink                          Translocation                2
   c - Call Imp                       Summoning                    2
   d - Slow                           Hexes                        2
   e - Conjure Flame                  Conjuration/Fire             3
   f - Mephitic Cloud                 Conjuration/Poison/Air       3
Comestibles
 d - 9 rations


   Skills:
 - Level 0.7 Fighting
 - Level 1.5 Dodging
 - Level 4.0 Unarmed Combat
 + Level 3.6 Spellcasting
 + Level 4.2 Transmutations
 + Level 3.4 Poison Magic


You had 5 spell levels left.
You knew the following spells:

 Your Spells              Type           Power        Failure   Level  Hunger
a - Beastly Appendage     Tmut           ##....       4%          1    #......
b - Sticks to Snakes      Tmut           ##......     6%          2    ###....
c - Spider Form           Tmut/Pois      ##........   16%         3    ###....
d - Infusion              Chrm           #...         26%         1    #......


Dungeon Overview and Level Annotations

Branches:
Dungeon (6/15)             Temple (1/1) D:6

Altars:
Ashenzari
Cheibriados
Dithmenos
Elyvilon
Fedhas
Gozag
Hepliaklqana
Kikubaaqudgha
Makhleb
Nemelex Xobeh
Okawaru
Qazlal
Ru
Sif Muna
Trog
Uskayaw
Vehumet
Xom
Yredelemnul
Zin
The Shining One

Shops:
D:6 !


Innate Abilities, Weirdness & Mutations

You are too large for most types of armour.
You have claws for hands.
Your metabolism is lightning-fast.
You like to eat raw meat.
Your natural rate of healing is unusually fast.
You are covered in fur. (AC +1)
You have very tough skin. (AC +2)
You are somewhat inexperienced. (-2 XL)


Message History

The magic dart hits you!
You focus your will and illuminate the orc wizard in retribution!
An orc priest comes into view. It is wielding a flail.
The orc wizard gestures at you while chanting.
The puff of frost hits you!
You barely miss the orc wizard. The orc wizard closely misses you.
The orc warrior hits you from afar with a glaive!
You scratch the orc wizard.
The orc wizard is moderately wounded.
The orc wizard barely misses you.
You scratch the orc wizard.
You kill the orc wizard!
The orc warrior hits you from afar with a glaive!
You closely miss the orc priest.
You claw the orc priest, but do no damage.
The orc priest hits you with a flail!
The orc wizard mumbles some strange words.
The orc wizard seems to speed up.
The orc warrior hits you from afar with a glaive!!
You die...

..........[.....#
########........#
# #..........# ##
##.#...######
.####....#..##
.<.......##..##
.........###..# #
.........#
##.#####.##
#..#######
#...@oo..# ....#
######o....#
##..# #......
#### .....= .....
..... .... ..##


You could see an orc warrior, an orc priest and an orc wizard.

Vanquished Creatures
  Edmund (D:6)
  An ogre (D:4)
  A bullfrog (D:6)
  3 scorpions
  A howler monkey (D:5)
  3 crimson imps
  A centaur zombie (D:6)
  A bullfrog skeleton (D:5)
  2 hounds
  An iguana (D:4)
  5 orc wizards
  A killer bee zombie (D:6)
  A hound skeleton (D:4)
  3 gnolls (D:5)
  6 adders
  An ooze (D:5)
  An adder zombie (D:5)
  An adder skeleton (D:4)
  2 worms (D:2)
  2 dart slugs
  2 leopard geckos (D:1)
  20 orcs
  2 ball pythons (D:3)
  4 giant cockroaches
  7 goblins
  8 hobgoblins
  4 jackals (D:1)
  2 quokkas (D:5)
  6 bats
  6 frilled lizards
  5 kobolds
  5 rats
109 creatures vanquished.

Notes
Turn   | Place    | Note
-------+----------+-------------------------------------------
     0 | D:1      | wilfster70 the Troll Transmuter began the quest for the Orb.
     0 | D:1      | Reached XP level 1. HP: 18/18 MP: 1/1
   193 | D:1      | Reached XP level 2. HP: 26/26 MP: 3/3
   521 | D:1      | Learned a level 2 spell: Sticks to Snakes
   700 | D:1      | Reached XP level 3. HP: 31/32 MP: 4/4
  2215 | D:3      | Reached XP level 4. HP: 40/40 MP: 5/5
  2220 | D:3      | Learned a level 3 spell: Spider Form
  2236 | D:3      | Found a faded altar of an unknown god.
  2894 | D:5      | Entered Level 5 of the Dungeon
  2919 | D:5      | Reached skill level 1 in Poison Magic
  2919 | D:5      | Reached XP level 5. HP: 46/46 MP: 7/7
  2974 | D:5      | HP: 2/46 [poisoned by a scorpion]
  3100 | D:5      | Reached XP level 6. HP: 27/54 MP: 8/8
  3160 | D:6      | Noticed Edmund
  3212 | D:6      | Killed Edmund
  3213 | D:6      | Found Ibroe's Distillery.
  3293 | D:6      | Reached XP level 7. HP: 40/61 MP: 10/10
  3369 | D:6      | Found a staircase to the Ecumenical Temple.
  3376 | Temple   | Entered the Ecumenical Temple
  3550 | Temple   | Became a worshipper of Ru the Awakened
  3636 | D:6      | Learned a level 1 spell: Infusion
  4777 | D:4      | Gained mutation: You are somewhat inexperienced. (-2 XL) [Ru sacrifice]
  4777 | D:4      | Reached XP level 6. HP: 54/54 MP: 10/10
  4777 | D:4      | Reached XP level 5. HP: 46/46 MP: 9/9
  4777 | D:4      | Reached * piety under Ru
  4777 | D:4      | Reached ** piety under Ru
  4877 | D:4      | Reached XP level 6. HP: 50/54 MP: 10/10
  5221 | D:6      | Noticed an orc warrior
  5228 | D:6      | Slain by an orc warrior

Skill      XL: |  1  2  3  4  5  6  7 |
---------------+----------------------+-----
Transmutations | 2 3 4 |  4.2
Unarmed Combat | 4 |  4.0
Spellcasting   | 2 3 |  3.6
Poison Magic   | 1 2 3 |  3.4
Fighting       | |  0.7
Dodging        | |  1.5

Action                   |  1- 3 |  4- 6 |  7- 9 || total
-------------------------+-------+-------+-------++-------
Melee: Unarmed           |   118 |   139 |   126 ||   383
       Punch             |       |     3 |     2 ||     5
 Cast: Beastly Appendage |     3 |     1 |       ||     4
       Sticks to Snakes  |     1 |       |       ||     1
Invok: Sacrifice Experie |       |     1 |       ||     1
  Use: Scroll            |       |    11 |       ||    11
 Stab: Sleeping          |     3 |       |       ||     3
  Eat: Chunk             |    25 |    12 |    14 ||    51
Armor: Robe              |    54 |    54 |    50 ||   158
       Skin              |       |    23 |       ||    23
Dodge: Dodged            |    76 |    49 |    77 ||   202
